Map: Rifts to Korhal

Players

NamroodTuo

  • Race: Zerg Zerg

nerazim

  • Race: Terran Terran
  • Spawn Location: 7:00

VOD

Have the link to the VOD?

Description

Time

  • Played on: March 11, 2023, 12:06 p.m.
  • Length: 23:04
Show
View Real Time Build Order
Export as new Build Order

NamroodTuo Zerg 

Build Orders:  

Get SALT Encoding   

  12  0:12  Overlord  
  12  0:19  Infested SCV  
  13  0:26  Infested SCV  
  14  0:32  Infested SCV  
  15  0:40  Infested SCV  
  15  0:49  Overlord  
  16  1:04  Infested Refinery  
  16  1:06  Infested SCV  
  17  1:21  Infested SCV  
  17  1:28  Infested Refinery  
  18  1:40  Infested Barracks  
  18  1:41  Overlord  
  18  2:13  Infested SCV  
  19  2:21  Infested SCV  
  20  2:41  Infested Marine  
  21  2:53  Infested Marine x2  
  23  3:17  Infested SCV  
  23  3:18  Infested Factory, Infested SCV x3  
  27  3:24  Infested Engineering Bay  
  27  3:42  Infested SCV  
  27  3:46  Infested SCV  
  28  4:23  Infested Marine x4  
  28  4:24  Infested Marine x7  
  28  4:29  Overlord x2  
  37  4:39  Unknown  
  37  4:47  Infested Factory Tech Lab  
  37  4:57  Infested SCV x2  
  39  5:00  Infested Factory  
  39  5:06  Infested Armory  
  39  5:19  Infested Command Center  
  39  5:58  Infested Marine x3  
  39  5:59  Infested Marine  
  32  6:03  Infested Marine x3  
  32  6:04  Infested Marine x2  
  37  6:10  Overlord x2, Infested SCV  
  37  6:11  Infested SCV x2  
  40  6:47  Infested Factory Tech Lab  
  40  6:50  Infested Siege Tank  
  40  6:51  Infested Siege Tank  
  40  6:53  Infested Diamondback  
  49  7:08  Infested SCV  
  49  7:09  Infested SCV x2  
  52  7:30  Infested SCV x3  
  52  7:31  Infested SCV x2  
  48  7:49  Infested Bunker  
  52  8:02  Infested SCV  
  52  8:03  Infested SCV x2  
  55  8:18  Infested Diamondback x2  
  61  8:33  Overseer x2  
  61  8:34  Overseer  
  61  8:35  Overseer  
  61  8:39  Aggressive Incubation  
  61  8:41  Infested SCV  
  61  8:43  Overlord  
  61  8:44  Infested SCV  
  63  9:03  Infested SCV x3  
  63  9:04  Infested SCV  
  67  9:15  Infested Missile Turret  
  67  9:25  Infested Missile Turret  
  71  9:33  Infested Siege Tank  
  74  9:56  Infested Bunker  
  74  10:05  Infested Marine x3  
  74  10:06  Infested Marine x8  
  80  10:21  Infested Siege Tank  
  80  10:22  Infested Siege Tank, Infested Diamondback x2  
  80  10:23  Infested Siege Tank  
  89  11:00  Infested Siege Tank  
  92  11:10  Overlord x4  
  92  11:11  Overlord x4  
  92  11:12  Overlord  
  92  11:16  Stukov Vehicle and Ship Armor Level 1  
  92  11:28  Infested SCV x2  
  94  11:33  Infested Refinery  
  94  11:37  Infested Refinery  
  94  11:44  Infested SCV  
  90  12:00  Infested Marine  
  90  12:01  Infested Marine x16  
  90  12:02  Infested Marine  
  90  12:03  Infested Marine  
  90  12:04  Infested Marine  
  107  12:45  Infested Marine x5  
  107  12:46  Infested Marine x4  
  99  13:18  Infested Siege Tank, Infested Diamondback  
  99  13:19  Infested Siege Tank x2, Infested Diamondback  
  111  13:20  Infested Siege Tank x2, Infested Diamondback x3  
  120  13:34  Regenerative Plating  
  120  13:47  Infested SCV x3  
  120  13:48  Infested SCV x2  
  125  13:55  Stukov Vehicle and Ship Weapons Level 1, Infested Bunker  
  129  14:05  Infested Siege Tank  
  129  14:06  Infested Siege Tank, Infested Diamondback  
  138  14:10  Overlord  
  138  14:11  Overlord  
  138  14:33  Stukov Infantry Weapons Level 1  
  138  14:41  Infested Siege Tank x2, Infested Diamondback  
  138  14:42  Infested Diamondback  
  138  14:44  Overlord  
  150  15:06  Infested Missile Turret  
  150  15:08  Infested Bunker  
  145  16:40  Infested Siege Tank  
  145  16:41  Infested Siege Tank, Infested Diamondback  
  145  16:42  Infested Siege Tank, Infested Diamondback x2  
  145  16:43  Infested Siege Tank x2, Infested Diamondback  
  145  16:44  Infested Diamondback  
  175  16:50  Saturated Cultures  
  175  16:57  Automated Mitosis  
  175  17:05  Stukov Vehicle and Ship Armor Level 2  
  175  17:13  Stukov Infantry Armor Level 1  
  154  17:50  Caustic Mucus  
  154  17:57  Acidic Enzymes  
  148  18:21  Infested Siege Tank x2, Infested Diamondback  
  148  18:22  Infested Siege Tank x2, Infested Diamondback x3  
  148  18:23  Infested Siege Tank  
  175  18:59  Infested Siege Tank  
  178  19:00  Infested Siege Tank, Infested Diamondback  
  178  19:01  Infested Siege Tank  
  178  19:02  Infested Siege Tank  
  190  19:16  Overlord x2  
  190  19:17  Overlord x3  
  190  19:50  Overseer x4  
  190  19:53  Calcified Armor  
Show
View Real Time Build Order
Export as new Build Order

nerazim Terran 

Build Orders:  

Get SALT Encoding   

  12  0:04  SCV  
  13  0:21  SCV  
  14  0:38  SCV  
  15  0:40  Supply Depot  
  15  0:48  Barracks  
  15  0:55  SCV  
  16  1:04  Refinery  
  16  1:13  SCV  
  17  1:28  Marine  
  17  1:32  Bunker  
  17  1:37  SCV  
  17  1:38  Marine  
  19  1:49  Marine  
  20  1:54  SCV  
  20  1:59  Marine  
  23  2:40  Command Center  
  23  2:57  Refinery  
  23  3:08  Supply Depot  
  23  3:20  Factory  
  23  3:24  SCV  
  24  3:41  SCV  
  24  3:46  Engineering Bay  
  25  3:58  SCV  
  26  4:15  SCV  
  27  4:20  Neosteel Frame  
  27  4:33  Orbital Command  
  27  4:37  Orbital Command  
  27  5:00  Armory  
  27  5:04  Armory  
  27  5:21  SCV  
  27  5:22  SCV  
  29  5:40  SCV x2  
  31  5:57  SCV x2  
  33  6:10  Structure Armor  
  33  6:14  SCV x2  
  35  6:31  SCV x2  
  35  6:34  Refinery  
  35  6:37  Refinery  
  37  6:45  Starport, Afterburners, Advanced Optics  
  37  6:49  Starport  
  37  7:01  SCV x2  
  39  7:10  Bunker  
  39  7:31  SCV x2  
  41  7:42  Supply Depot  
  41  7:44  Supply Depot  
  41  7:45  Fusion Core, Terran Vehicle and Ship Weapons Level 1  
  41  7:46  Supply Depot  
  41  7:47  SCV  
  41  7:48  SCV, Supply Depot  
  43  7:50  Starport, Missile Turret  
  43  7:51  Starport  
  43  8:07  Starport Tech Lab  
  43  8:08  Starport Tech Lab  
  43  8:12  SCV  
  43  8:13  SCV  
  45  8:29  SCV x2  
  47  8:45  Terran Vehicle And Ship Armor Level 1  
  47  9:06  SCV  
  47  9:07  SCV  
  49  9:15  Starport Tech Lab x2  
  49  9:19  Marine  
  49  9:26  Weapon Refit  
  49  9:29  Marine  
  51  10:02  Battlecruiser x2  
  63  10:35  SCV  
  63  10:36  SCV  
  65  10:42  Supply Depot  
  65  10:43  Supply Depot  
  65  10:44  Missile Turret  
  65  10:48  Supply Depot  
  65  10:52  SCV  
  65  10:53  SCV  
  65  10:56  Battlecruiser x2  
  79  11:14  Supply Depot  
  79  11:17  Supply Depot  
  79  11:18  Supply Depot  
  79  11:19  Supply Depot  
  79  11:20  Supply Depot  
  79  11:26  Terran Vehicle and Ship Weapons Level 2  
  79  11:27  Terran Vehicle And Ship Armor Level 2  
  79  11:34  Battlecruiser x2  
  91  12:27  Battlecruiser x2  
  103  12:47  Supply Depot  
  103  12:49  Supply Depot  
  103  12:51  Supply Depot  
  103  12:53  Supply Depot x2  
  103  12:57  Supply Depot  
  103  12:58  Supply Depot  
  103  13:00  Supply Depot x2  
  103  13:03  Supply Depot  
  103  13:26  Battlecruiser x2  
  115  14:16  Battlecruiser  
  121  14:56  Battlecruiser x2  
  133  15:20  Terran Vehicle And Ship Armor Level 3, Terran Vehicle and Ship Weapons Level 3  
  133  15:56  Battlecruiser  
  139  16:30  Battlecruiser  
  145  17:26  Battlecruiser  
  145  17:27  Battlecruiser  
  157  18:30  Battlecruiser  
  163  19:00  Battlecruiser  
  169  19:46  Battlecruiser  
  175  19:55  Battlecruiser  
  181  20:23  Battlecruiser  
  187  21:02  Battlecruiser  
Tags
 
Commander
RaynorStukov
Matchup
Co-op
Replay Pack
Multiplayer
Add a new tag
Caveats
  • Supply blocks, unpowered buildings, or Contaminate may cause inaccurate times.
  • Supply counts are checked every 10 seconds.